Influenza vs Patriotes

Created - March 11, 2018 at 19:22

Goals
1 2 3 OT1 SO T
Influenza 0 1 2 0 2 4
Patriotes 0 1 2 0 0 3
Shots
1 2 3 OT1 SO T
Influenza 6 11 11 1 3 29
Patriotes 9 6 12 0 2 27

1st period

No Goal

Penalties :
Thomas McCollum (VJB) for Slashing (Minor) at 0:16 - Tim Erixon served the penalty, Austin Watson (Nyc) for Hooking (Minor) at 5:29, Timothy Kunes (Nyc) for Hooking (Minor) at 13:08, Mark Scheifele (VJB) for Holding (Minor) at 16:30

2nd period

1. Patriotes , Andrew Gordon 27 (Alex Petrovic 13, Justin Florek 16) at 4:22
2. Influenza , Mark Scheifele 36 (T.J Galiardi 41, Jeremy Morin 39) at 10:26

Penalties :
Mathieu Carle (VJB) for Hooking (Minor) at 4:39, Anthony Bitetto (Nyc) for Hooking (Minor) at 12:08, Tyler Randell (Nyc) for Holding (Minor) at 15:44

3rd period

3. Influenza , Garnet Hathaway 19 (Charlie Coyle 21) at 0:36
4. Patriotes , Anthony Bitetto 2 (Alex Petrovic 14, Fedor Fedorov 35) at 3:02 (PP)
5. Patriotes , Andrew Gordon 28 (Evgeny Kuznetsov 23) at 3:41
6. Influenza , Charlie Coyle 11 (Beau Bennett 24, Jimmy Vesey 23) at 7:22

Penalties :
Paul Ladue (VJB) for Interference (Minor) at 2:16, Mark Stone (Nyc) for Boarding (Minor) at 7:33, Anthony Bitetto (Nyc) for Roughing (Minor) at 13:52

Overtime #1

No Goal

Penalties :
No Penalty

Shootout

Penalty Shot by Jeremy Morin for Influenza - Goal!
Penalty Shot by Andrew Gordon for Patriotes - Stopped by Thomas McCollum
Penalty Shot by Mark Olver for Influenza - Stopped by Andrei Vasilevskiy
Penalty Shot by Christian Hanson for Patriotes - Shot Misses the Net
Penalty Shot by Beau Bennett for Influenza - Goal!

Penalties :
No Penalty

Goalie Stats

Thomas McCollum (VJB), 24 saves from 27 shots - (0.889), W, 32-13-3, 65:00 minutes
Andrei Vasilevskiy (Nyc), 26 saves from 29 shots - (0.897), OTL, 7-12-4, 65:00 minutes

Players Stats for Influenza

Player Name              G  A  P  +/- PIM S  H  SB GA TA FO     MP     PP MP  PK MP  
------------------------------------------------------------------------------------
Beau Bennett             0  1  1   1  0   5  4  2  0  0  0/0    17:35   5:07   2:01 
Charlie Coyle            1  1  2   1  0   1  0  0  0  0  3/7     9:15   0:00   0:00 
Dmitry Sinitsyn          0  0  0   1  0   1  0  1  0  0  0/0    10:01   0:00   0:00 
Garnet Hathaway          1  0  1   1  0   4  2  0  0  0  0/0    11:18   0:10   0:00 
Iiro Pakarinen           0  0  0  -1  0   1  1  0  0  0  0/0    12:34   0:10   1:03 
Jeff May                 0  0  0   1  0   6  0  1  1  0  0/0    23:01   4:33   3:19 
Jeremy Morin             0  1  1   0  0   3  1  0  1  0  0/3    25:45   6:37   4:00 
Jimmy Vesey              0  1  1   1  0   0  0  0  1  1  0/0    14:26   5:07   0:00 
Johan Larsson            0  0  0  -1  0   0  0  0  0  0  0/0    10:11   0:00   0:42 
Jordan Schroeder         0  0  0  -1  0   1  0  0  0  0  0/0    11:50   0:10   0:18 
Mark Olver               0  0  0   1  0   2  2  0  1  0  3/9    19:23   5:07   3:53 
Mark Scheifele           1  0  1   0  2   2  0  0  1  1  17/31  23:21   6:37   1:29 
Mathieu Carle            0  0  0  -1  2   1  2  1  1  0  0/0    29:14   7:21   3:03 
Matt Corrente            0  0  0   1  0   0  4  2  1  1  0/0    25:46   7:21   3:03 
Nikita Gusev             0  0  0   1  0   0  1  0  0  0  0/0     8:56   0:00   0:00 
Paul Ladue               0  0  0   1  2   1  1  5  0  0  0/0    22:52   4:33   2:21 
T.J Galiardi             0  1  1   0  0   1  2  0  0  0  2/2    18:41   6:37   0:00 
Tim Erixon               0  0  0  -1  0   0  1  1  0  0  0/0    19:05   0:00   1:40 

Players Stats for Patriotes

Player Name              G  A  P  +/- PIM S  H  SB GA TA FO     MP     PP MP  PK MP  
------------------------------------------------------------------------------------
Aaron Ness               0  0  0   0  0   1  2  0  0  1  0/0    13:39   0:00   2:20 
Alex Petrovic            0  2  2   0  0   0  2  2  0  0  0/0    23:16   2:26   4:54 
Andrew Gordon            2  0  2   2  0   4  2  1  0  1  4/10   20:47   3:48   6:24 
Anthony Bitetto          1  0  1   0  4   3  1  1  0  1  0/0    21:23   2:26   3:26 
Austin Watson            0  0  0   0  2   0  0  0  0  0  0/0     7:28   0:00   0:06 
Christian Hanson         0  0  0  -2  0   3  3  1  0  1  16/29  25:27   3:48   6:48 
David Kolomatis          0  0  0   0  0   0  0  0  0  0  0/0    11:26   0:00   0:36 
Emerson Etem             0  0  0   0  0   1  1  0  1  0  0/0    10:51   0:11   1:43 
Evgeny Kuznetsov         0  1  1   2  0   2  2  0  0  0  1/5    10:28   0:11   0:15 
Fedor Fedorov            0  1  1  -2  0   2  3  0  1  0  0/0    23:22   3:46   4:50 
Jared Knight             0  0  0   0  0   0  2  0  0  0  2/3     7:16   0:00   0:00 
Justin Florek            0  1  1   2  0   0  2  0  0  0  0/0     8:41   0:00   0:00 
Mark Stone               0  0  0  -2  2   3  1  0  0  0  1/1    15:03   0:13   0:00 
Matt Calvert             0  0  0  -1  0   2  2  0  0  1  0/0    19:23   2:44   3:42 
Ryan Wilson              0  0  0  -1  0   5  2  2  0  1  0/0    30:49   4:17   6:53 
Timothy Kunes            0  0  0  -1  2   1  1  1  1  0  0/0    29:55   4:17   5:39 
Tyler Randell            0  0  0  -1  2   0  3  0  0  1  0/0    14:25   2:44   0:00 
Zenon Konopka            0  0  0  -1  0   0  1  0  0  0  3/4    14:21   2:44   0:00 

3 Stars

1 - Andrew Gordon (Nyc)
2 - Charlie Coyle (VJB)
3 - Garnet Hathaway (VJB)

Power Play

Influenza - 0 on 6 Attempt(s) - 0.00%
Patriotes - 1 on 4 Attempt(s) - 25.00%

Penalty Kill

Influenza - 3 on 4 Attempt(s) - 75.00% - Score 0 goal in Penalty Kill
Patriotes - 6 on 6 Attempt(s) - 100.00% - Score 0 goal in Penalty Kill

Team Stat

Influenza - Hits : 21 - Faceoff Wins : 25 - Blocked Shots : 13 - Penalty Minutes : 8
Patriotes - Hits : 30 - Faceoff Wins : 27 - Blocked Shots : 8 - Penalty Minutes : 12

Official

Referees : Lee Chris and Sutherland Kelly
Linesman : Steve Barton and Don Henderson

Game Notes

No Game Note

Finance

Level 1 -- Attendance: 1440 (72.00%) -- Ticket Income $57,600
Level 2 -- Attendance: 676 (67.60%) -- Ticket Income $13,520
Total Attendance: 2116 (70.53%)
Total Ticket Income: $71,120
Other Income: $3,556
Total Income: $74,676

Influenza

5 vs 5 Forward 
   Center                   Left Wing                Right Wing               Time % Phy DF OF 
 1 Mark Scheifele           T.J Galiardi             Jeremy Morin             40     1   2  2  
 2 Charlie Coyle            Jimmy Vesey              Beau Bennett             30     1   2  2  
 3 Mark Olver               Nikita Gusev             Garnet Hathaway          20     1   2  2  
 4 Jordan Schroeder         Johan Larsson            Iiro Pakarinen           10     1   2  2  

5 vs 5 Defense 
   Defense                  Defense                                           Time % Phy DF OF 
 1 Mathieu Carle            Tim Erixon                                        40     1   2  2  
 2 Matt Corrente            Paul Ladue                                        30     1   2  2  
 3 Jeff May                 Dmitry Sinitsyn                                   20     1   2  2  
 4 Mathieu Carle            Tim Erixon                                        10     1   2  2  

PowerPlay Forward 
   Center                   Left Wing                Right Wing               Time % Phy DF OF 
 1 Mark Scheifele           T.J Galiardi             Jeremy Morin             60     1   2  2  
 2 Mark Olver               Jimmy Vesey              Beau Bennett             40     1   2  2  

PowerPlay Defense
   Defense                  Defense                                           Time % Phy DF OF 
 1 Mathieu Carle            Matt Corrente                                     60     1   2  2  
 2 Jeff May                 Paul Ladue                                        40     1   2  2  

Penalty Kill 4 Players Forward 
   Center                   Wing                     Time % Phy DF OF 
 1 Mark Olver               Jeremy Morin             60     1   2  2  
 2 Mark Scheifele           Beau Bennett             40     1   2  2  

Penalty Kill 4 Players Defense
   Defense                  Defense                  Time % Phy DF OF 
 1 Mathieu Carle            Jeff May                 60     1   2  2  
 2 Matt Corrente            Paul Ladue               40     1   2  2  

Penalty Kill - 3 Players Forward 
   Forward                                           Time % Phy DF OF 
 1 Mark Olver                                        60     1   2  2  
 2 Mark Scheifele                                    40     1   2  2  

Penalty Kill - 3 Players Defense
   Defense                  Defense                  Time % Phy DF OF 
 1 Mathieu Carle            Jeff May                 60     1   2  2  
 2 Matt Corrente            Paul Ladue               40     1   2  2  

4 vs 4 Forward 
   Center                   Wing                     Time % Phy DF OF 
 1 Mark Scheifele           Jeremy Morin             60     1   2  2  
 2 Mark Olver               Beau Bennett             40     1   2  2  

4 vs 4 Defense
   Defense                  Defense                  Time % Phy DF OF 
 1 Mathieu Carle            Jeff May                 60     1   2  2  
 2 Matt Corrente            Paul Ladue               40     1   2  2  

Last Minutes Offensive
   Center                   Left Wing                Right Wing               Defense                  Defense                  
   Mark Scheifele           T.J Galiardi             Jeremy Morin             Mathieu Carle            Matt Corrente            

Last Minutes Defensive
   Center                   Left Wing                Right Wing               Defense                  Defense                  
   Mark Scheifele           T.J Galiardi             Jeremy Morin             Mathieu Carle            Matt Corrente            

Goaltenders
Starting : Thomas McCollum          
Backup : Tyson Sexsmith           

Extra Forwards
Normal : Garnet Hathaway, Jordan Schroeder, Iiro Pakarinen - PP : Garnet Hathaway, Jordan Schroeder - PK : Iiro Pakarinen
Extra Defensemen
Normal : Matt Corrente, Mathieu Carle, Jeff May - PP : Matt Corrente - PK : Mathieu Carle, Jeff May
Penalty Shots
Jeremy Morin, Mark Olver, Beau Bennett, Mark Scheifele, Garnet Hathaway

Scratches
Jacob Josefson (Healthy), Jamie Devane (Healthy), Lane MacDermid (Suspend), Joe Morrow (Healthy), Fredric Larsson (Healthy)
Tom Kuhnhackl (Healthy), Oskars Bartulis (Healthy), Rocco Grimaldi (Healthy), Ryan Sproul (Healthy), Josh Andrerson (Healthy)
Jesse Graham (Healthy), Vince Rocco (Healthy), Jamie Phillips (Healthy)

Patriotes

5 vs 5 Forward 
   Center                   Left Wing                Right Wing               Time % Phy DF OF 
 1 Christian Hanson         Fedor Fedorov            Mark Stone               40     1   2  2  
 2 Zenon Konopka            Matt Calvert             Tyler Randell            30     1   2  2  
 3 Evgeny Kuznetsov         Justin Florek            Andrew Gordon            20     1   2  2  
 4 Jared Knight             Austin Watson            Emerson Etem             10     1   2  2  

5 vs 5 Defense 
   Defense                  Defense                                           Time % Phy DF OF 
 1 Ryan Wilson              Timothy Kunes                                     40     1   2  2  
 2 Anthony Bitetto          Alex Petrovic                                     30     1   2  2  
 3 David Kolomatis          Aaron Ness                                        20     1   2  2  
 4 Ryan Wilson              Timothy Kunes                                     10     1   2  2  

PowerPlay Forward 
   Center                   Left Wing                Right Wing               Time % Phy DF OF 
 1 Christian Hanson         Fedor Fedorov            Andrew Gordon            60     1   2  2  
 2 Zenon Konopka            Matt Calvert             Tyler Randell            40     1   2  2  

PowerPlay Defense
   Defense                  Defense                                           Time % Phy DF OF 
 1 Ryan Wilson              Timothy Kunes                                     60     1   2  2  
 2 Anthony Bitetto          Alex Petrovic                                     40     1   2  2  

Penalty Kill 4 Players Forward 
   Center                   Wing                     Time % Phy DF OF 
 1 Andrew Gordon            Christian Hanson         60     1   2  2  
 2 Fedor Fedorov            Matt Calvert             40     1   2  2  

Penalty Kill 4 Players Defense
   Defense                  Defense                  Time % Phy DF OF 
 1 Ryan Wilson              Timothy Kunes            60     1   2  2  
 2 Anthony Bitetto          Alex Petrovic            40     1   2  2  

Penalty Kill - 3 Players Forward 
   Forward                                           Time % Phy DF OF 
 1 Andrew Gordon                                     60     1   2  2  
 2 Christian Hanson                                  40     1   2  2  

Penalty Kill - 3 Players Defense
   Defense                  Defense                  Time % Phy DF OF 
 1 Ryan Wilson              Timothy Kunes            60     1   2  2  
 2 Anthony Bitetto          Alex Petrovic            40     1   2  2  

4 vs 4 Forward 
   Center                   Wing                     Time % Phy DF OF 
 1 Andrew Gordon            Christian Hanson         60     1   2  2  
 2 Fedor Fedorov            Matt Calvert             40     1   2  2  

4 vs 4 Defense
   Defense                  Defense                  Time % Phy DF OF 
 1 Ryan Wilson              Timothy Kunes            60     1   2  2  
 2 Anthony Bitetto          Alex Petrovic            40     1   2  2  

Last Minutes Offensive
   Center                   Left Wing                Right Wing               Defense                  Defense                  
   Christian Hanson         Fedor Fedorov            Andrew Gordon            Ryan Wilson              Timothy Kunes            

Last Minutes Defensive
   Center                   Left Wing                Right Wing               Defense                  Defense                  
   Christian Hanson         Fedor Fedorov            Andrew Gordon            Ryan Wilson              Timothy Kunes            

Goaltenders
Starting : Andrei Vasilevskiy       
Backup : Phoenix Copley           

Extra Forwards
Normal : Mark Stone, Evgeny Kuznetsov, Emerson Etem - PP : Mark Stone, Evgeny Kuznetsov - PK : Emerson Etem
Extra Defensemen
Normal : David Kolomatis, Aaron Ness, Anthony Bitetto - PP : David Kolomatis - PK : Aaron Ness, Anthony Bitetto
Penalty Shots
Andrew Gordon, Christian Hanson, Fedor Fedorov, Matt Calvert, Tyler Randell

Scratches
Robert Baillargeon (Healthy), Scott Glennie (Healthy), Vince Hinostroza (Healthy), Robbie Russo (Broken Nose Injury), Riley Barber (Healthy)
Phil McRae (Healthy), Marek Schwarz (Healthy)

% Time on Ice - Influenza

Lines # - Real PCT - Wanted PCT - Time Play
Normal Forward
1 - 33% - 40% - 13:40
2 - 23% - 30% - 9:19
3 - 22% - 20% - 8:56
4 - 23% - 10% - 9:28
Normal Defense
1 - 42% - 40% - 17:28
2 - 34% - 30% - 13:58
3 - 23% - 20% - 9:32
4 - 1% - 10% - 0:25
PP Forward
1 - 57% - 60% - 6:47
2 - 43% - 40% - 5:07
PP Defense
1 - 62% - 60% - 7:21
2 - 38% - 40% - 4:33
PK Forward
1 - 70% - 60% - 4:42
2 - 30% - 40% - 2:01
PK Defense
1 - 67% - 60% - 4:32
2 - 33% - 40% - 2:11
PK3 Forward
1 - 0% - 60%
2 - 0% - 40%
PK3 Defense
1 - 0% - 60%
2 - 0% - 40%
44 Forward
1 - 77% - 60% - 3:52
2 - 23% - 40% - 1:08
44 Defense
1 - 57% - 60% - 2:51
2 - 43% - 40% - 2:09
Last Minute Offensive  - 0:00
Last Minute Defensive  - 0:00
Total
Forward - 65:00
Defense - 65:00

% Time on Ice - Patriotes

Lines # - Real PCT - Wanted PCT - Time Play
Normal Forward
1 - 33% - 40% - 13:28
2 - 29% - 30% - 11:58
3 - 21% - 20% - 8:41
4 - 18% - 10% - 7:16
Normal Defense
1 - 42% - 40% - 17:15
2 - 35% - 30% - 14:21
3 - 24% - 20% - 9:47
4 - 0% - 10% - 0:00
PP Forward
1 - 59% - 60% - 3:59
2 - 41% - 40% - 2:44
PP Defense
1 - 64% - 60% - 4:17
2 - 36% - 40% - 2:26
PK Forward
1 - 69% - 60% - 8:12
2 - 31% - 40% - 3:42
PK Defense
1 - 60% - 60% - 7:07
2 - 40% - 40% - 4:47
PK3 Forward
1 - 0% - 60%
2 - 0% - 40%
PK3 Defense
1 - 0% - 60%
2 - 0% - 40%
44 Forward
1 - 80% - 60% - 4:01
2 - 20% - 40% - 0:59
44 Defense
1 - 69% - 60% - 3:27
2 - 31% - 40% - 1:33
Last Minute Offensive  - 0:00
Last Minute Defensive  - 0:00
Total
Forward - 65:00
Defense - 65:00

Play by Play

1st period


0:01 of 1st period - Christian Hanson wins face-off versus Mark Scheifele in neutral zone.
0:14 of 1st period - Snap shot by Christian Hanson.
0:14 of 1st period - Shot Misses the Net.
0:16 of 1st period - Backhand shot by Fedor Fedorov.
0:16 of 1st period - Stopped by Thomas McCollum without a rebound.
0:16 of 1st period - Minor Penalty to Thomas McCollum for Slashing.
0:17 of 1st period - Christian Hanson wins face-off versus Mark Olver in Influenza zone.
0:59 of 1st period - Timothy Kunes is hit by Mark Olver and loses puck.
1:08 of 1st period - Wrist shot by Matt Calvert.
1:08 of 1st period - Stopped by Thomas McCollum without a rebound.
1:09 of 1st period - Christian Hanson wins face-off versus Mark Scheifele in Influenza zone.
1:12 of 1st period - Wrist shot by Christian Hanson.
1:12 of 1st period - Shot Misses the Net.
1:34 of 1st period - Mark Scheifele is hit by Tyler Randell and loses puck.
2:16 of 1st period - Penalty to Tim Erixon is over, Tim Erixon is back on ice.
2:26 of 1st period - Matt Calvert is hit by Iiro Pakarinen and loses puck.
2:45 of 1st period - Aaron Ness is hit by Matt Corrente.
3:04 of 1st period - Garnet Hathaway is hit by Justin Florek and loses puck.
3:19 of 1st period - Jeff May is hit by Christian Hanson and loses puck.
4:11 of 1st period - Slapshot by Timothy Kunes.
4:11 of 1st period - Shot Blocked by Beau Bennett.
4:29 of 1st period - Mark Olver is hit by Zenon Konopka and loses puck.
4:46 of 1st period - Jeremy Morin is hit by Mark Stone and loses puck.
5:29 of 1st period - Minor Penalty to Austin Watson for Hooking.
5:30 of 1st period - Mark Scheifele wins face-off versus Andrew Gordon in Patriotes zone.
5:44 of 1st period - Wrist shot by Jeremy Morin.
5:44 of 1st period - Stopped by Andrei Vasilevskiy without a rebound.
5:45 of 1st period - Mark Scheifele wins face-off versus Andrew Gordon in Patriotes zone.
5:46 of 1st period - Wrist shot by T.J Galiardi.
5:46 of 1st period - Shot Blocked by Ryan Wilson.
6:01 of 1st period - Off-side.
6:02 of 1st period - Christian Hanson wins face-off versus Mark Olver in neutral zone.
7:29 of 1st period - Penalty to Austin Watson is over, Austin Watson is back on ice.
8:32 of 1st period - Snap shot by Tyler Randell.
8:32 of 1st period - Shot Misses the Net.
8:34 of 1st period - Wrist shot by Matt Calvert.
8:34 of 1st period - Stopped by Thomas McCollum without a rebound.
8:35 of 1st period - Christian Hanson wins face-off versus Mark Scheifele in Influenza zone.
8:48 of 1st period - Snap shot by Mark Scheifele.
8:48 of 1st period - Shot Misses the Net.
9:00 of 1st period - Slapshot by Mark Olver.
9:00 of 1st period - Deflect By Garnet Hathaway.
9:00 of 1st period - Stopped by Andrei Vasilevskiy with a rebound.
9:28 of 1st period - Wrist shot by Jordan Schroeder.
9:28 of 1st period - Stopped by Andrei Vasilevskiy without a rebound.
9:29 of 1st period - Mark Scheifele wins face-off versus Christian Hanson in Patriotes zone.
9:54 of 1st period - Jeremy Morin is hit by Ryan Wilson and loses puck.
10:03 of 1st period - Slapshot by T.J Galiardi.
10:03 of 1st period - Shot Misses the Net.
10:05 of 1st period - Slapshot by Jeff May.
10:05 of 1st period - Deflect By Ryan Wilson.
10:05 of 1st period - Stopped by Andrei Vasilevskiy without a rebound.
10:06 of 1st period - Charlie Coyle wins face-off versus Evgeny Kuznetsov in Patriotes zone.
10:13 of 1st period - Wrist shot by Jimmy Vesey.
10:13 of 1st period - Deflect By Beau Bennett.
10:13 of 1st period - Stopped by Andrei Vasilevskiy with a rebound.
10:33 of 1st period - Snap shot by Emerson Etem.
10:33 of 1st period - Stopped by Thomas McCollum with a rebound.
10:43 of 1st period - Wrist shot by Emerson Etem.
10:43 of 1st period - Shot Blocked by Paul Ladue.
10:57 of 1st period - Wrist shot by Matt Calvert.
10:57 of 1st period - Shot Blocked by Matt Corrente.
10:59 of 1st period - Slapshot by Timothy Kunes.
10:59 of 1st period - Shot Blocked by Paul Ladue.
11:01 of 1st period - Slapshot by Matt Calvert.
11:01 of 1st period - Shot Misses the Net.
11:52 of 1st period - Alex Petrovic is hit by Tim Erixon and loses puck.
12:46 of 1st period - Wrist shot by Christian Hanson.
12:46 of 1st period - Stopped by Thomas McCollum without a rebound.
12:47 of 1st period - Zenon Konopka wins face-off versus Mark Scheifele in Influenza zone.
13:08 of 1st period - Minor Penalty to Timothy Kunes for Hooking.
13:09 of 1st period - Andrew Gordon wins face-off versus Mark Scheifele in Patriotes zone.
13:44 of 1st period - Snap shot by Beau Bennett.
13:44 of 1st period - Stopped by Andrei Vasilevskiy with a rebound.
15:08 of 1st period - Penalty to Timothy Kunes is over, Timothy Kunes is back on ice.
15:32 of 1st period - Jeff May is hit by Jared Knight and loses puck.
16:28 of 1st period - Snap shot by Evgeny Kuznetsov.
16:28 of 1st period - Stopped by Thomas McCollum with a rebound.
16:30 of 1st period - Minor Penalty to Mark Scheifele for Holding.
16:31 of 1st period - Christian Hanson wins face-off versus Mark Olver in Influenza zone.
16:40 of 1st period - Slapshot by Ryan Wilson.
16:40 of 1st period - Stopped by Thomas McCollum with a rebound.
16:42 of 1st period - Wrist shot by Fedor Fedorov.
16:42 of 1st period - Deflect By Christian Hanson.
16:42 of 1st period - Shot Misses the Net.
16:42 of 1st period - Puck is out of play.
16:43 of 1st period - Christian Hanson wins face-off versus Mark Olver in Influenza zone.
16:56 of 1st period - Snap shot by Ryan Wilson.
16:56 of 1st period - Stopped by Thomas McCollum with a rebound.
16:58 of 1st period - Snap shot by Andrew Gordon.
16:58 of 1st period - Stopped by Thomas McCollum with a rebound.
18:30 of 1st period - Penalty to Mark Scheifele is over, Mark Scheifele is back on ice.
18:34 of 1st period - Timothy Kunes is hit by Matt Corrente and loses puck.
18:43 of 1st period - Wrist shot by Mark Scheifele.
18:43 of 1st period - Shot Blocked by Andrew Gordon.
19:39 of 1st period - Johan Larsson is hit by Aaron Ness and loses puck.
19:52 of 1st period - Jordan Schroeder is hit by Matt Calvert and loses puck.
Goals for this period are 0 for Influenza vs 0 for Patriotes.
Shots for this period are 6 for Influenza vs 9 for Patriotes.

2nd period


0:01 of 2nd period - Christian Hanson wins face-off versus Mark Scheifele in neutral zone.
0:04 of 2nd period - Snap shot by Ryan Wilson.
0:04 of 2nd period - Shot Misses the Net.
0:23 of 2nd period - Icing by Tim Erixon.
0:24 of 2nd period - Zenon Konopka wins face-off versus Charlie Coyle in Influenza zone.
1:36 of 2nd period - Wrist shot by Emerson Etem.
1:36 of 2nd period - Shot Misses the Net.
1:38 of 2nd period - Snap shot by Jared Knight.
1:38 of 2nd period - Shot Blocked by Dmitry Sinitsyn.
1:40 of 2nd period - Wrist shot by Jared Knight.
1:40 of 2nd period - Deflect By Emerson Etem.
1:40 of 2nd period - Shot Misses the Net.
1:40 of 2nd period - Puck is out of play.
1:41 of 2nd period - Mark Scheifele wins face-off versus Christian Hanson in Influenza zone.
1:41 of 2nd period - Mark Scheifele is hit by Alex Petrovic.
1:51 of 2nd period - Fedor Fedorov is hit by Matt Corrente and loses puck.
2:06 of 2nd period - Zenon Konopka is hit by Beau Bennett and loses puck.
2:16 of 2nd period - Slapshot by Tyler Randell.
2:16 of 2nd period - Shot Blocked by Beau Bennett.
2:31 of 2nd period - Mark Olver is hit by Aaron Ness and loses puck.
3:11 of 2nd period - Slapshot by Ryan Wilson.
3:11 of 2nd period - Shot Misses the Net.
3:36 of 2nd period - Slapshot by Ryan Wilson.
3:36 of 2nd period - Stopped by Thomas McCollum with a rebound.
3:57 of 2nd period - Snap shot by Mark Olver.
3:57 of 2nd period - Shot Misses the Net.
3:59 of 2nd period - Slapshot by Jeff May.
3:59 of 2nd period - Stopped by Andrei Vasilevskiy with a rebound.
4:11 of 2nd period - Matt Corrente is hit by Justin Florek and loses puck.
4:16 of 2nd period - Wrist shot by Andrew Gordon.
4:16 of 2nd period - Shot Misses the Net.
4:18 of 2nd period - Slapshot by Alex Petrovic.
4:18 of 2nd period - Shot Blocked by Paul Ladue.
4:20 of 2nd period - Backhand shot by Alex Petrovic.
4:20 of 2nd period - Shot Blocked by Paul Ladue.
4:22 of 2nd period - Wrist shot by Andrew Gordon.
4:22 of 2nd period - Goal by Andrew Gordon - Influenza : 0 - Patriotes : 1.
4:23 of 2nd period - Mark Scheifele wins face-off versus Christian Hanson in neutral zone.
4:26 of 2nd period - Slapshot by Mathieu Carle.
4:26 of 2nd period - Shot Blocked by Alex Petrovic.
4:36 of 2nd period - Snap shot by Fedor Fedorov.
4:36 of 2nd period - Stopped by Thomas McCollum without a rebound.
4:37 of 2nd period - Mark Scheifele wins face-off versus Christian Hanson in Influenza zone.
4:39 of 2nd period - Minor Penalty to Mathieu Carle for Hooking.
4:40 of 2nd period - Christian Hanson wins face-off versus Jeremy Morin in Influenza zone.
5:20 of 2nd period - Slapshot by Zenon Konopka.
5:20 of 2nd period - Shot Misses the Net.
6:39 of 2nd period - Penalty to Mathieu Carle is over, Mathieu Carle is back on ice.
6:52 of 2nd period - Wrist shot by Garnet Hathaway.
6:52 of 2nd period - Stopped by Andrei Vasilevskiy with a rebound.
6:54 of 2nd period - Slapshot by Garnet Hathaway.
6:54 of 2nd period - Shot Misses the Net.
6:56 of 2nd period - Wrist shot by Jeremy Morin.
6:56 of 2nd period - Stopped by Andrei Vasilevskiy without a rebound.
6:57 of 2nd period - Jared Knight wins face-off versus Charlie Coyle in Patriotes zone.
7:10 of 2nd period - Wrist shot by Beau Bennett.
7:10 of 2nd period - Stopped by Andrei Vasilevskiy with a rebound.
7:12 of 2nd period - Slapshot by Jeff May.
7:12 of 2nd period - Deflect By Anthony Bitetto.
7:12 of 2nd period - Stopped by Andrei Vasilevskiy with a rebound.
7:27 of 2nd period - Slapshot by Mathieu Carle.
7:27 of 2nd period - Shot Blocked by Alex Petrovic.
8:09 of 2nd period - Jimmy Vesey is hit by Evgeny Kuznetsov and loses puck.
8:36 of 2nd period - Paul Ladue is hit by Tyler Randell and loses puck.
8:40 of 2nd period - Icing by Nikita Gusev.
8:41 of 2nd period - Mark Olver wins face-off versus Christian Hanson in Influenza zone.
8:48 of 2nd period - Snap shot by Garnet Hathaway.
8:48 of 2nd period - Shot Misses the Net.
8:50 of 2nd period - Slapshot by Dmitry Sinitsyn.
8:50 of 2nd period - Stopped by Andrei Vasilevskiy with a rebound.
8:52 of 2nd period - Slapshot by Jeff May.
8:52 of 2nd period - Stopped by Andrei Vasilevskiy without a rebound.
8:53 of 2nd period - Mark Scheifele wins face-off versus Christian Hanson in Patriotes zone.
9:47 of 2nd period - Jimmy Vesey is hit by Andrew Gordon and loses puck.
10:10 of 2nd period - Slapshot by T.J Galiardi.
10:10 of 2nd period - Shot Blocked by Anthony Bitetto.
10:14 of 2nd period - Snap shot by Mark Scheifele.
10:14 of 2nd period - Stopped by Andrei Vasilevskiy without a rebound.
10:15 of 2nd period - T.J Galiardi wins face-off versus Zenon Konopka in Patriotes zone.
10:26 of 2nd period - Snap shot by Mark Scheifele.
10:26 of 2nd period - Goal by Mark Scheifele - Influenza : 1 - Patriotes : 1.
10:27 of 2nd period - Christian Hanson wins face-off versus Mark Scheifele in neutral zone.
10:52 of 2nd period - Tyler Randell is hit by Beau Bennett and loses puck.
11:05 of 2nd period - Snap shot by Beau Bennett.
11:05 of 2nd period - Shot Blocked by Timothy Kunes.
11:44 of 2nd period - Snap shot by Mark Stone.
11:44 of 2nd period - Stopped by Thomas McCollum with a rebound.
11:46 of 2nd period - Slapshot by Anthony Bitetto.
11:46 of 2nd period - Deflect By Iiro Pakarinen.
11:46 of 2nd period - Stopped by Thomas McCollum without a rebound.
11:47 of 2nd period - Zenon Konopka wins face-off versus Jeremy Morin in Influenza zone.
11:50 of 2nd period - Snap shot by Zenon Konopka.
11:50 of 2nd period - Shot Blocked by Mathieu Carle.
12:08 of 2nd period - Minor Penalty to Anthony Bitetto for Hooking.
12:09 of 2nd period - Andrew Gordon wins face-off versus Mark Scheifele in Patriotes zone.
13:47 of 2nd period - Fedor Fedorov is hit by T.J Galiardi and loses puck.
14:08 of 2nd period - Penalty to Anthony Bitetto is over, Anthony Bitetto is back on ice.
14:24 of 2nd period - Wrist shot by Iiro Pakarinen.
14:24 of 2nd period - Stopped by Andrei Vasilevskiy with a rebound.
14:51 of 2nd period - Alex Petrovic is hit by Garnet Hathaway and loses puck.
14:55 of 2nd period - Icing by Justin Florek.
14:56 of 2nd period - Mark Scheifele wins face-off versus Evgeny Kuznetsov in Patriotes zone.
15:01 of 2nd period - Snap shot by Mark Scheifele.
15:01 of 2nd period - Shot Misses the Net.
15:03 of 2nd period - Snap shot by Garnet Hathaway.
15:03 of 2nd period - Stopped by Andrei Vasilevskiy without a rebound.
15:04 of 2nd period - Christian Hanson wins face-off versus Charlie Coyle in Patriotes zone.
15:17 of 2nd period - Wrist shot by Jimmy Vesey.
15:17 of 2nd period - Shot Misses the Net.
15:19 of 2nd period - Snap shot by Jimmy Vesey.
15:19 of 2nd period - Shot Misses the Net.
15:31 of 2nd period - Garnet Hathaway is hit by Alex Petrovic and loses puck.
15:44 of 2nd period - Minor Penalty to Tyler Randell for Holding.
15:45 of 2nd period - Mark Scheifele wins face-off versus Andrew Gordon in Patriotes zone.
15:58 of 2nd period - Slapshot by Ryan Wilson.
15:58 of 2nd period - Shot Misses the Net.
16:00 of 2nd period - Snap shot by Christian Hanson.
16:00 of 2nd period - Shot Misses the Net.
17:44 of 2nd period - Penalty to Tyler Randell is over, Tyler Randell is back on ice.
17:58 of 2nd period - Matt Corrente is hit by Tyler Randell and loses puck.
18:11 of 2nd period - Slapshot by Aaron Ness.
18:11 of 2nd period - Deflect By Matt Corrente.
18:11 of 2nd period - Stopped by Thomas McCollum with a rebound.
18:23 of 2nd period - Matt Corrente is hit by Anthony Bitetto and loses puck.
Goals for this period are 1 for Influenza vs 1 for Patriotes.
Shots for this period are 11 for Influenza vs 6 for Patriotes.

3rd period


0:01 of 3rd period - Christian Hanson wins face-off versus Mark Scheifele in neutral zone.
0:04 of 3rd period - Slapshot by Ryan Wilson.
0:04 of 3rd period - Stopped by Thomas McCollum without a rebound.
0:05 of 3rd period - Mark Scheifele wins face-off versus Christian Hanson in Influenza zone.
0:10 of 3rd period - Slapshot by Mathieu Carle.
0:10 of 3rd period - Stopped by Andrei Vasilevskiy without a rebound.
0:11 of 3rd period - Mark Scheifele wins face-off versus Christian Hanson in Patriotes zone.
0:12 of 3rd period - Wrist shot by Jeremy Morin.
0:12 of 3rd period - Stopped by Andrei Vasilevskiy with a rebound.
0:36 of 3rd period - Slapshot by Garnet Hathaway.
0:36 of 3rd period - Goal by Garnet Hathaway - Influenza : 2 - Patriotes : 1.
0:37 of 3rd period - T.J Galiardi wins face-off versus Christian Hanson in neutral zone.
0:50 of 3rd period - Off-side.
0:51 of 3rd period - Mark Scheifele wins face-off versus Christian Hanson in neutral zone.
1:16 of 3rd period - Ryan Wilson is hit by Beau Bennett and loses puck.
1:40 of 3rd period - Slapshot by Mark Olver.
1:40 of 3rd period - Stopped by Andrei Vasilevskiy with a rebound.
1:48 of 3rd period - Slapshot by Mark Olver.
1:48 of 3rd period - Stopped by Andrei Vasilevskiy with a rebound.
2:16 of 3rd period - Minor Penalty to Paul Ladue for Interference.
2:17 of 3rd period - Mark Olver wins face-off versus Christian Hanson in Influenza zone.
2:22 of 3rd period - Christian Hanson is hit by Jeremy Morin.
2:46 of 3rd period - Snap shot by Timothy Kunes.
2:46 of 3rd period - Stopped by Thomas McCollum without a rebound.
2:47 of 3rd period - Christian Hanson wins face-off versus Mark Olver in Influenza zone.
2:56 of 3rd period - Wrist shot by Fedor Fedorov.
2:56 of 3rd period - Shot Hit the Post.
2:58 of 3rd period - Slapshot by Alex Petrovic.
2:58 of 3rd period - Shot Blocked by Matt Corrente.
3:00 of 3rd period - Slapshot by Anthony Bitetto.
3:00 of 3rd period - Shot Misses the Net.
3:02 of 3rd period - Slapshot by Anthony Bitetto.
3:02 of 3rd period - Goal by Anthony Bitetto - Influenza : 2 - Patriotes : 2.
3:03 of 3rd period - Christian Hanson wins face-off versus Mark Scheifele in neutral zone.
3:28 of 3rd period - T.J Galiardi is hit by Evgeny Kuznetsov and loses puck.
3:37 of 3rd period - Snap shot by Andrew Gordon.
3:37 of 3rd period - Shot Misses the Net.
3:39 of 3rd period - Wrist shot by Andrew Gordon.
3:39 of 3rd period - Stopped by Thomas McCollum with a rebound.
3:41 of 3rd period - Slapshot by Andrew Gordon.
3:41 of 3rd period - Goal by Andrew Gordon - Influenza : 2 - Patriotes : 3.
3:42 of 3rd period - Charlie Coyle wins face-off versus Christian Hanson in neutral zone.
3:44 of 3rd period - Jimmy Vesey is hit by Fedor Fedorov and loses puck.
3:49 of 3rd period - Wrist shot by Fedor Fedorov.
3:49 of 3rd period - Shot Blocked by Tim Erixon.
3:51 of 3rd period - Slapshot by Mark Stone.
3:51 of 3rd period - Stopped by Thomas McCollum with a rebound.
3:53 of 3rd period - Wrist shot by Christian Hanson.
3:53 of 3rd period - Shot Misses the Net.
4:12 of 3rd period - Slapshot by Paul Ladue.
4:12 of 3rd period - Stopped by Andrei Vasilevskiy with a rebound.
4:14 of 3rd period - Backhand shot by T.J Galiardi.
4:14 of 3rd period - Shot Misses the Net.
4:58 of 3rd period - Snap shot by Jordan Schroeder.
4:58 of 3rd period - Shot Misses the Net.
5:18 of 3rd period - Slapshot by Jeff May.
5:18 of 3rd period - Stopped by Andrei Vasilevskiy without a rebound.
5:19 of 3rd period - Jared Knight wins face-off versus Mark Scheifele in Patriotes zone.
5:44 of 3rd period - Tim Erixon is hit by Christian Hanson and loses puck.
5:51 of 3rd period - Wrist shot by Christian Hanson.
5:51 of 3rd period - Stopped by Thomas McCollum with a rebound.
5:53 of 3rd period - Wrist shot by Mark Stone.
5:53 of 3rd period - Stopped by Thomas McCollum with a rebound.
5:55 of 3rd period - Slapshot by Anthony Bitetto.
5:55 of 3rd period - Stopped by Thomas McCollum with a rebound.
6:59 of 3rd period - Johan Larsson is hit by Timothy Kunes and loses puck.
7:10 of 3rd period - Slapshot by Jeff May.
7:10 of 3rd period - Stopped by Andrei Vasilevskiy with a rebound.
7:20 of 3rd period - Snap shot by Beau Bennett.
7:20 of 3rd period - Shot Misses the Net.
7:22 of 3rd period - Wrist shot by Charlie Coyle.
7:22 of 3rd period - Goal by Charlie Coyle - Influenza : 3 - Patriotes : 3.
7:23 of 3rd period - Mark Scheifele wins face-off versus Christian Hanson in neutral zone.
7:33 of 3rd period - Minor Penalty to Mark Stone for Boarding.
7:34 of 3rd period - Mark Scheifele wins face-off versus Andrew Gordon in Patriotes zone.
7:40 of 3rd period - Wrist shot by Mark Scheifele.
7:40 of 3rd period - Shot Misses the Net.
7:50 of 3rd period - Snap shot by Christian Hanson.
7:50 of 3rd period - Deflect By Matt Corrente.
7:50 of 3rd period - Stopped by Thomas McCollum without a rebound.
7:51 of 3rd period - Andrew Gordon wins face-off versus Mark Olver in Influenza zone.
9:33 of 3rd period - Penalty to Mark Stone is over, Mark Stone is back on ice.
9:52 of 3rd period - Iiro Pakarinen is hit by Matt Calvert and loses puck.
10:03 of 3rd period - Wrist shot by Aaron Ness.
10:03 of 3rd period - Shot Blocked by Jeff May.
11:16 of 3rd period - Jeremy Morin is hit by Christian Hanson and loses puck.
11:36 of 3rd period - Anthony Bitetto is hit by Matt Corrente and loses puck.
11:54 of 3rd period - Tyler Randell is hit by Beau Bennett and loses puck.
12:20 of 3rd period - Slapshot by Justin Florek.
12:20 of 3rd period - Shot Hit the Post.
12:52 of 3rd period - Jordan Schroeder is hit by Jared Knight and loses puck.
13:10 of 3rd period - Icing by Matt Corrente.
13:11 of 3rd period - Christian Hanson wins face-off versus Charlie Coyle in Influenza zone.
13:46 of 3rd period - Snap shot by T.J Galiardi.
13:46 of 3rd period - Shot Misses the Net.
13:52 of 3rd period - Minor Penalty to Anthony Bitetto for Roughing.
13:53 of 3rd period - Mark Scheifele wins face-off versus Andrew Gordon in Patriotes zone.
13:56 of 3rd period - Wrist shot by T.J Galiardi.
13:56 of 3rd period - Shot Blocked by Christian Hanson.
14:06 of 3rd period - Slapshot by Mathieu Carle.
14:06 of 3rd period - Shot Misses the Net.
14:29 of 3rd period - Snap shot by Jimmy Vesey.
14:29 of 3rd period - Shot Blocked by Ryan Wilson.
14:31 of 3rd period - Snap shot by Beau Bennett.
14:31 of 3rd period - Stopped by Andrei Vasilevskiy with a rebound.
14:41 of 3rd period - Timothy Kunes is hit by T.J Galiardi and loses puck.
15:10 of 3rd period - Icing by Mathieu Carle.
15:11 of 3rd period - Mark Scheifele wins face-off versus Andrew Gordon in Influenza zone.
15:52 of 3rd period - Penalty to Anthony Bitetto is over, Anthony Bitetto is back on ice.
15:52 of 3rd period - Backhand shot by Fedor Fedorov.
15:52 of 3rd period - Shot Blocked by Paul Ladue.
16:09 of 3rd period - Slapshot by Tyler Randell.
16:09 of 3rd period - Shot Misses the Net.
16:41 of 3rd period - Tyler Randell is hit by Nikita Gusev and loses puck.
16:59 of 3rd period - Icing by Garnet Hathaway.
17:00 of 3rd period - Charlie Coyle wins face-off versus Jared Knight in Influenza zone.
17:05 of 3rd period - Charlie Coyle is hit by Emerson Etem and loses puck.
17:30 of 3rd period - Icing by Jeff May.
17:31 of 3rd period - Evgeny Kuznetsov wins face-off versus Mark Scheifele in Influenza zone.
17:36 of 3rd period - Snap shot by Evgeny Kuznetsov.
17:36 of 3rd period - Shot Hit the Post.
17:44 of 3rd period - Snap shot by Evgeny Kuznetsov.
17:44 of 3rd period - Stopped by Thomas McCollum without a rebound.
17:45 of 3rd period - Mark Olver wins face-off versus Evgeny Kuznetsov in Influenza zone.
17:56 of 3rd period - Tim Erixon is hit by Andrew Gordon and loses puck.
18:11 of 3rd period - Nikita Gusev is hit by Ryan Wilson and loses puck.
18:40 of 3rd period - Wrist shot by T.J Galiardi.
18:40 of 3rd period - Stopped by Andrei Vasilevskiy without a rebound.
18:41 of 3rd period - Christian Hanson wins face-off versus Jeremy Morin in Patriotes zone.
18:50 of 3rd period - Slapshot by Ryan Wilson.
18:50 of 3rd period - Stopped by Thomas McCollum with a rebound.
18:52 of 3rd period - Wrist shot by Fedor Fedorov.
18:52 of 3rd period - Shot Misses the Net.
19:09 of 3rd period - Icing by Timothy Kunes.
19:10 of 3rd period - Mark Scheifele wins face-off versus Evgeny Kuznetsov in Patriotes zone.
Goals for this period are 2 for Influenza vs 2 for Patriotes.
Shots for this period are 11 for Influenza vs 12 for Patriotes.

Overtime #1


0:01 of 1st overtime period - Andrew Gordon wins face-off versus Mark Scheifele in neutral zone.
0:18 of 1st overtime period - Ryan Wilson is hit by Mathieu Carle and loses puck.
1:18 of 1st overtime period - Christian Hanson is hit by Mark Olver and loses puck.
2:02 of 1st overtime period - Iiro Pakarinen is hit by Fedor Fedorov and loses puck.
2:28 of 1st overtime period - Slapshot by Matt Corrente.
2:28 of 1st overtime period - Deflect By Beau Bennett.
2:28 of 1st overtime period - Stopped by Andrei Vasilevskiy with a rebound.
2:40 of 1st overtime period - Mark Stone is hit by Garnet Hathaway and loses puck.
2:59 of 1st overtime period - Tim Erixon is hit by Fedor Fedorov and loses puck.
4:27 of 1st overtime period - Icing by Mark Stone.
4:28 of 1st overtime period - Mark Stone wins face-off versus Mark Scheifele in Patriotes zone.
4:39 of 1st overtime period - Andrew Gordon is hit by Mathieu Carle and loses puck.
4:52 of 1st overtime period - Timothy Kunes is hit by Paul Ladue and loses puck.
Goals for this period are 0 for Influenza vs 0 for Patriotes.
Shots for this period are 1 for Influenza vs 0 for Patriotes.

ShootOut


5:00 of 1st overtime period - Penalty Shot by Jeremy Morin for Influenza.
5:00 of 1st overtime period - Wrist shot by Jeremy Morin.
5:00 of 1st overtime period - Goal by Jeremy Morin.
5:00 of 1st overtime period - Penalty Shot by Andrew Gordon for Patriotes.
5:00 of 1st overtime period - Wrist shot by Andrew Gordon.
5:00 of 1st overtime period - Stopped by Thomas McCollum.
5:00 of 1st overtime period - Penalty Shot by Mark Olver for Influenza.
5:00 of 1st overtime period - Snap shot by Mark Olver.
5:00 of 1st overtime period - Stopped by Andrei Vasilevskiy.
5:00 of 1st overtime period - Penalty Shot by Christian Hanson for Patriotes.
5:00 of 1st overtime period - Wrist shot by Christian Hanson.
5:00 of 1st overtime period - Shot Misses the Net.
5:00 of 1st overtime period - Penalty Shot by Beau Bennett for Influenza.
5:00 of 1st overtime period - Backhand shot by Beau Bennett.
5:00 of 1st overtime period - Goal by Beau Bennett.